 Dungeon Crawl Stone Soup version 0.31-a0-700-gf13585253f (webtiles) character file.

Game seed: 1058138555431217107

135349 qw the Marksgargoyle (level 17, -1/119 HPs)
             Began as a Gargoyle Hunter on Sept 7, 2023.
             Was a High Priest of Okawaru.
             Slain by a goliath frog (15 damage)
             ... on level 2 of the Swamp.
             The game lasted 00:41:03 (32042 turns).

qw the Marksgargoyle (Gargoyle Hunter)             Turns: 32042, Time: 00:41:04

Health: -1/119     AC: 27    Str: 17    XL:     17   Next: 19%
Magic:  19/24      EV: 28    Int: 13    God:    Okawaru [*****.]
Gold:   2542       SH:  0    Dex: 19    Spells: 16/16 levels left

rFire   . . .        y - +6 longbow (drain)
rCold   . . .        (shield currently unavailable)
rNeg    + + +        o - +4 robe of Tomorrow {rN+++ Regen+ Str+3 Stlth-}
rPois   inf          c - +1 helmet
rElec   +            i - scarf {repulsion}
rCorr   .            m - +2 pair of gloves
SInv    +            w - +0 pair of boots
Will    +....        s - amulet of faith
Stlth   ++           d - +5 ring of evasion
HPRegen 1.19/turn    t - ring of see invisible
MPRegen 0.19/turn

%: repel missiles, faith
@: about to teleport, heroic, finesse-ful, flying
A: sickness immunity, AC +12, big wings, negative energy resistance 1,
electricity resistance, torment resistance 1, petrification resistance
a: Renounce Religion, Heroism, Finesse, Duel


You were on level 2 of the Swamp.
You worshipped Okawaru.
Okawaru was extremely pleased with you.
You visited 6 branches of the dungeon, and saw 28 of its levels.

You collected 3100 gold pieces.
You spent 558 gold pieces at shops.


Innate Abilities, Weirdness & Mutations

You are immune to sickness and miasma.
Your stone body is resilient. (AC +12)
You are immune to poison.
Your large and strong wings let you fly.
You resist negative energy. (rN+)
You are resistant to electric shocks. (rElec)
You are resistant to unholy torment.
You are immune to petrification.


   Skills:
 - Level 18.0(23.0) Fighting
 - Level 20.0(25.0) Ranged Weapons
 - Level 7.1(12.1) Armour
 + Level 10.9(15.9) Dodging
 - Level 1.1(6.1) Stealth
 - Level 10.0 Invocations


You had 16 spell levels left.
You didn't know any spells.
Your spell library was empty.

Inventory:

Hand Weapons
 v - a +4 longbow of freezing
 y - a +6 longbow of draining (weapon)
Armour
 c - a +1 helmet (worn)
 i - a scarf of repulsion (worn)
 k - a +0 cloak
 m - a +2 pair of gloves (worn)
 o - the +4 robe of Tomorrow (worn) {rN+++ Regen+ Str+3 Stlth-}
   (You found it on level 4 of the Dungeon)

   Str+3:     It affects your strength (+3).
   rN+++:     It renders you almost immune to negative energy.
   Regen+:    It increases your rate of health regeneration.
   Stlth-:    It makes you less stealthy.
 w - a +0 pair of boots (worn)
Jewellery
 d - a +5 ring of evasion (left hand)
 e - the amulet of Peace {Reflect Harm Will+ Dex+4 SH+5 Stlth+}
   (You acquired it on level 4 of the Dungeon)

   [amulet of reflection]

   Reflect:   It reflects blocked missile attacks.
   Dex+4:     It affects your dexterity (+4).
   Will+:     It increases your willpower.
   SH+5:      It affects your SH (+5).
   Harm:      It increases damage dealt and taken.
   Stlth+:    It makes you more stealthy.
 q - a ring of positive energy
 s - an amulet of faith (around neck)
 t - a ring of see invisible (right hand)
 u - the ring of Symuost {rElec rC+ MP+9 Stlth+}
   (You found it on level 5 of the Lair of Beasts)

   [ring of magical power]

   rC+:       It protects you from cold.
   rElec:     It insulates you from electricity.
   MP+9:      It affects your magic capacity (+9).
   Stlth+:    It makes you more stealthy.
 x - an amulet of reflection
Scrolls
 l - 9 scrolls of identify
 n - 7 scrolls of teleportation
Potions
 a - 5 potions of curing
 b - 4 potions of mutation
 f - a potion of cancellation
 g - 2 potions of might
 h - a potion of resistance
 j - 2 potions of haste
 p - 2 potions of enlightenment
 r - a potion of magic

Dungeon Overview and Level Annotations

Branches:
Dungeon (15/15)            Temple (1/1) D:5            Lair (5/5) D:8
  Swamp (2/4) Lair:3       Spider (3/4) Lair:2        Slime (0/5) Lair:4
    Orc (2/2) D:12            Elf (0/3) Orc:2        Vaults (0/5) D:14
 Depths (0/4) D:15

Altars:
Ashenzari
Cheibriados
Dithmenos
Elyvilon
Fedhas
Gozag
Hepliaklqana
Kikubaaqudgha
Makhleb
Nemelex Xobeh
Okawaru
Qazlal
Ru
Sif Muna
Trog
Uskayaw
Vehumet
Wu Jian
Xom
Yredelemnul
Zin
The Shining One
Jiyva

Shops:
Orc:2 **([

Portals:
Trove: D:14 (give +2 gold dragon scales)

Annotations:
D:4 1 runed translucent door, qw's ghost, novice GrHu
D:7 1 runed translucent door, qw's ghost, novice MiHs
D:14 2 transporters
Orc:1 1 runed translucent door, prawnwizard's ghost, journeyman MfMo


Message History

The will-o-the-wisp conjures some foxfire!
A swamp dragon comes into view.
A goliath frog comes into view. 2 foxfires come into view.
You shoot an arrow. The swamp dragon roars deafeningly!
The arrow hits the foxfire!
The foxfire is lightly damaged.
You shoot an arrow. The arrow hits the foxfire!
The foxfire is lightly damaged.
A vampire mosquito comes into view.
You shoot an arrow. The arrow barely misses the foxfire.
The vampire mosquito buzzes angrily.
You hear a roar!
The swamp dragon breathes poison at you.
The foxfire hits you!
You shoot an arrow. The arrow hits the foxfire!!
The foxfire is lightly damaged.
You shoot an arrow. The arrow hits the foxfire!!
The foxfire is heavily damaged.
The foxfire hits you!
32039 ||| READING 8 scrolls of teleportation.
As you read the scroll of teleportation, it crumbles to dust.
You feel strangely unstable.
The will-o-the-wisp gestures.
The will-o-the-wisp conjures some foxfire! 2 foxfires come into view.
You shoot an arrow. The arrow hits the vampire mosquito!!
The vampire mosquito is almost destroyed.
The vampire mosquito completely misses you.
The goliath frog is engulfed in poison gas.
The goliath frog is poisoned.
You shoot an arrow. The arrow hits the vampire mosquito!!
You destroy the vampire mosquito!
Okawaru accepts your kill.
You shoot an arrow. The arrow hits the foxfire!!
The foxfire is lightly damaged.
The foxfire hits you!
The goliath frog is engulfed in poison gas.
The goliath frog looks even sicker.
The goliath frog hits you from afar!
You die...

<~ 7.~
~.~7
~~.$7
.~~~.7
.~~~.~7
.0D0¤y077
..¤~0F0@7
..~~00¤v7
~..00.¤07
~.~~~¤¤.7
~~.~v¤~~.
.¤.~¤¤~~>
~~..¤.>~7
.~77.77~.


You could see a swamp dragon, a goliath frog (very poisoned), a will-o-the-wisp
and a vampire mosquito.

Vanquished Creatures
  Rupert (D:13)
  2 ghost moths (Spider:3)
  Nessos (D:13)
  2 eleionomae (Swamp:1)
  A bunyip (Swamp:2)
  A fire dragon (Lair:5)
  4 entropy weavers
  A hydra (Lair:4)
  A shambling mangrove (Swamp:1)
  5 vault guards (D:14)
  6 jorogumos
  4 alligators (Swamp:1)
  3 ice dragons
  A catoblepas (Lair:4)
  6 two-headed ogres
  3 boulder beetles
  3 radroaches (Spider:1)
  Erica (D:9)
  12 centaur warriors
  7 demonic crawlers
  A tengu warrior (D:14)
  Sonja (Lair:4)
  2 pharaoh ants
  A sun moth (Spider:2)
  A death drake (Swamp:1)
  4 orb spiders
  A goliath frog (Swamp:1)
  A skyshark (Lair:5)
  A swamp dragon (Lair:5)
  4 bog bodies
  4 steelbarb worms
  An orc knight (Orc:2)
  A will-o-the-wisp (Swamp:1)
  A deep elf pyromancer (D:12)
  An oklob plant (Lair:4)
  8 orc sorcerers (Orc:2)
  2 cyclopes
  11 wolf spiders
  5 ugly things
  3 moths of wrath
  A manticore (D:15)
  10 elephants (Lair:3)
  Maurice (D:9)
  10 black mambas
  Joseph (D:9)
  A guardian serpent (Lair:5)
  13 cane toads
  A yaktaur (D:13)
  3 torpor snails
  11 komodo dragons
  Jeremiah (D:8)
  3 rime drakes
  3 unseen horrors
  An efreet (D:15)
  A bloated husk (Swamp:2)
  9 meliai
  6 hornets
  4 polar bears
  17 tarantellas
  3 trolls
  3 tyrant leeches
  18 blink frogs
  7 dream sheep (Lair:5)
  12 slime creatures
  16 culicivoras
  2 jumping spiders (shapeshifter)
  25 jumping spiders
  A vampire (D:11)
  2 spriggans (Swamp:1)
  A water elemental (D:15)
  A shadow (D:12)
  8 wyverns
  2 wraiths
  5 humans (D:14)
  49 yaks
  4 steam dragons
  38 redbacks
  3 basilisks
  A two-headed ogre zombie (D:12)
  5 vampire mosquitoes
  4 wargs
  4 acid dragons
  34 water moccasins
  4 swamp worms (Swamp:1)
  2 swamp drakes (Lair:5)
  3 black bears
  An ice beast (D:7)
  2 ogres (Orc:2)
  17 orc warriors
  4 boggarts (Lair:4)
  22 wolves
  14 centaurs
  A phantom (D:12)
  5 kobold brigands
  3 bullfrogs
  2 gnoll sergeants
  2 scorpions
  7 wights (D:7)
  A troll zombie (D:12)
  13 killer bees (D:10)
  An electric eel (Spider:1)
  3 howler monkeys (D:10)
  5 hounds
  6 jellies
  14 orc priests
  A gnoll bouda (D:10)
  2 sleepcaps
  7 iguanas
  46 orc wizards
  6 ogre zombies (D:12)
  A mummy (D:14)
  18 gnolls
  8 adders
  A white imp (D:8)
  An ufetubus (D:6)
  A worm (D:2)
  2 dart slugs
  86 orcs
  4 ball pythons
  2 endoplasms
  4 giant cockroaches
  7 goblins
  9 hobgoblins
  31 kobolds
  2 quokkas
  5 bats
  A frilled lizard (D:3)
  2 goblin skeletons (D:12)
  5 goblin zombies (D:12)
  A hobgoblin skeleton (D:12)
  5 hobgoblin zombies (D:12)
  4 orc skeletons (D:12)
  8 orc zombies (D:12)
  6 rats
872 creatures vanquished.

Vanquished Creatures (others)
  2 humans (D:14)
  15 foxfires
17 creatures vanquished.

Grand Total: 889 creatures vanquished

Notes
Turn   | Place    | Note
-------+----------+-------------------------------------------
     0 | D:1      | qw the Gargoyle Hunter began the quest for the Orb.
     0 | D:1      | Reached XP level 1. HP: 12/12 MP: 1/1
     0 | D:1      | 0 ||| qw: Version: 0.3-a-76-g4403597
     0 | D:1      | 0 ||| qw: Game counter: 563
     0 | D:1      | 0 ||| qw: Melee chars always use a shield: true
     0 | D:1      | 0 ||| qw: God list: Okawaru
     0 | D:1      | 0 ||| qw: Allow faded altars: false
     0 | D:1      | 0 ||| qw: Do Orc after clearing Dungeon:15 true
     0 | D:1      | 0 ||| qw: Do second Lair branch before Depths: true
     0 | D:1      | 0 ||| qw: Lair rune preference: random
     0 | D:1      | 0 ||| qw: Goals: Normal
     0 | D:1      | 0 ||| PLANNING D:1-11
   181 | D:1      | Reached XP level 2. HP: 17/17 MP: 2/2
   290 | D:1      | 290 ||| Stepping ~*~*~tactically~*~*~ (water).
   598 | D:1      | 598 ||| UPGRADING to +0 ring mail.
   608 | D:1      | 608 ||| DROPPING +0 leather armour.
   609 | D:1      | 609 ||| UPGRADING to scarf of repulsion.
   614 | D:1      | 614 ||| UPGRADING to +5 ring of evasion.
   615 | D:1      | 615 ||| READING scroll labelled VYBBIL HEUPING.
   616 | D:1      | 616 ||| READING scroll labelled CENTOJUEPO.
   717 | D:1      | 717 ||| READING scroll labelled QASAVVOEMUWN.
   730 | D:1      | 730 ||| DRINKING 2 fizzy silvery potions.
   731 | D:1      | 731 ||| DROPPING scroll of butterflies.
   784 | D:2      | Reached skill level 1 in Armour
   815 | D:2      | Found a faded altar of an unknown god.
   842 | D:2      | Reached XP level 3. HP: 18/21 MP: 3/3
   926 | D:2      | Reached skill level 5 in Ranged Weapons
  1159 | D:2      | 1159 ||| FLEEEEING.
  1160 | D:2      | 1160 ||| FLEEEEING.
  1161 | D:2      | 1161 ||| FLEEEEING.
  1179 | D:2      | Reached skill level 3 in Fighting
  1179 | D:2      | Reached XP level 4. HP: 28/28 MP: 4/4
  1377 | D:2      | 1377 ||| UPGRADING to +0 helmet.
  1382 | D:2      | 1382 ||| READING scroll labelled VEAKUDUHOWE.
  1383 | D:2      | 1383 ||| READING scroll labelled FEKUXT VAKHLE.
  1609 | D:3      | 1609 ||| SWAPPING to +0 longbow.
  1610 | D:3      | 1610 ||| DROPPING +0 shortbow.
  1764 | D:3      | 1764 ||| READING scroll of enchant armour.
  1764 | D:3      | 1764 ||| ENCHANTING +0 helmet.
  2152 | D:3      | Reached XP level 5. HP: 32/32 MP: 5/5
  2339 | D:3      | 2339 ||| UPGRADING to +0 pair of gloves.
  2344 | D:3      | 2344 ||| READING 2 scrolls labelled OKKEACSIAB.
  2345 | D:3      | 2345 ||| READING scroll labelled ANTIEP VEHICVO.
  2346 | D:3      | 2346 ||| READING scroll labelled ULOMUU QUAM.
  2347 | D:3      | 2347 ||| DROPPING scroll of blinking.
  2397 | D:4      | Found a runed translucent door.
  2398 | D:4      | 2398 ||| STAIRDANCE
  2452 | D:4      | 2452 ||| STAIRDANCE
  2504 | D:4      | Reached skill level 6 in Ranged Weapons
  2541 | D:4      | Reached XP level 6. HP: 35/38 MP: 6/6
  2822 | D:4      | Reached skill level 7 in Ranged Weapons
  2824 | D:4      | Identified the +4 robe of Tomorrow {rN+++ Regen+ Str+3
                  | Stlth-}
  3084 | D:4      | Noticed qw's ghost (novice GrHu)
  3353 | D:4      | 3353 ||| UPGRADING to +4 robe of Tomorrow {rN+++ Regen+
                  | Str+3 Stlth-}.
  3363 | D:4      | 3363 ||| DROPPING +0 ring mail.
  3364 | D:4      | 3364 ||| READING scroll labelled KUFINN NUSCHENK.
  3391 | D:4      | 3391 ||| READING scroll labelled EDEOSY IXZERCH.
  3391 | D:4      | Identified a scroll of acquirement
  3391 | D:4      | 3391 ||| ACQUIRING amulet of Peace {Reflect Harm Will+
                  | Dex+4 SH+5 Stlth+}
  3391 | D:4      | Acquired the amulet of Peace {Reflect Harm Will+ Dex+4 SH+5
                  | Stlth+}
  3393 | D:4      | 3393 ||| UPGRADING to amulet of Peace {Reflect Harm Will+
                  | Dex+4 SH+5 Stlth+}.
  3398 | D:4      | 3398 ||| READING scroll labelled LUIHAFO EZAG.
  3399 | D:4      | 3399 ||| DRINKING 4 purple potions.
  3400 | D:4      | 3400 ||| DRINKING 2 sedimented cyan potions.
  3401 | D:4      | 3401 ||| READING 2 scrolls of identify.
  3401 | D:4      | 3401 ||| IDENTIFYING bubbling emerald potion
  3402 | D:4      | 3402 ||| DROPPING potion of berserk rage.
  3432 | D:5      | Entered Level 5 of the Dungeon
  3501 | D:5      | Identified the +9 falchion "Worm's Wrath" {spect, Will+
                  | Dex+5}
  3558 | D:5      | Found a staircase to the Ecumenical Temple.
  3559 | D:5      | 3559 ||| PLANNING TEMPLE
  3559 | D:5      | 3559 ||| READING 2 scrolls of identify.
  3559 | D:5      | 3559 ||| IDENTIFYING golden potion
  3560 | D:5      | 3560 ||| DROPPING potion of attraction.
  3569 | Temple   | Entered the Ecumenical Temple
  3570 | Temple   | 3570 ||| PLANNING OKAWARU WORSHIP
  3589 | Temple   | Became a worshipper of Warmaster Okawaru
  3590 | Temple   | 3590 ||| PLANNING D:1-11
  3653 | D:5      | Reached XP level 7. HP: 43/43 MP: 7/7
  3749 | D:5      | Reached skill level 8 in Ranged Weapons
  3759 | D:5      | Found a broken altar of Ashenzari.
  3938 | D:5      | 3938 ||| READING 3 scrolls of identify.
  3938 | D:5      | 3938 ||| IDENTIFYING coppery potion
  3939 | D:5      | 3939 ||| READING 2 scrolls of identify.
  3939 | D:5      | 3939 ||| IDENTIFYING lumpy puce potion
  3940 | D:5      | 3940 ||| DROPPING potion of brilliance.
  4074 | D:6      | Found a burning altar of Makhleb.
  4298 | D:6      | Found an ancient bone altar of Kikubaaqudgha.
  4340 | D:6      | Reached * piety under Okawaru
  4418 | D:6      | Found a glowing silver altar of Zin.
  4433 | D:6      | Reached skill level 1 in Invocations
  4578 | D:6      | Reached XP level 8. HP: 49/49 MP: 7/9
  4697 | D:6      | 4697 ||| READING scroll labelled ALIVUYNTAH.
 13595 | D:5      | Fell from the grace of Okawaru
 13597 | D:6      | 13597 ||| PLANNING OKAWARU WORSHIP
 13597 | D:6      | 13597 ||| STAIRDANCE
 13652 | Temple   | Became a worshipper of Warmaster Okawaru
 13653 | Temple   | 13653 ||| PLANNING D:1-11
 13784 | D:7      | Found a runed translucent door.
 13785 | D:7      | Noticed qw's ghost (novice MiHs)
 13799 | D:7      | Found a white marble altar of Elyvilon.
 13815 | D:7      | 13815 ||| RETREATING.
 13826 | D:7      | Reached skill level 9 in Ranged Weapons
 13933 | D:7      | Reached skill level 3 in Dodging
 14075 | D:7      | 14075 ||| READING scroll of enchant armour.
 14075 | D:7      | 14075 ||| ENCHANTING +0 pair of gloves.
 14133 | D:7      | Found a sacrificial altar of Ru.
 14277 | D:7      | Reached skill level 6 in Fighting
 14347 | D:7      | Reached skill level 3 in Invocations
 14347 | D:7      | Reached XP level 9. HP: 55/55 MP: 9/11
 14539 | D:8      | Found a staircase to the Lair.
 14640 | D:8      | Identified the +1 leather armour "Veczen" {+Inv}
 14693 | D:8      | 14693 ||| INVOKING Heroism.
 14782 | D:8      | Noticed Jeremiah
 14797 | D:8      | 14797 ||| DROPPING +1 leather armour "Veczen" {+Inv}.
 14807 | D:8      | Killed Jeremiah
 14808 | D:8      | Reached skill level 10 in Ranged Weapons
 15228 | D:8      | 15228 ||| PLANNING LAIR
 15228 | D:8      | 15228 ||| READING 3 scrolls of identify.
 15228 | D:8      | 15228 ||| IDENTIFYING yellow potion
 15229 | D:8      | 15229 ||| READING 2 scrolls of identify.
 15229 | D:8      | 15229 ||| IDENTIFYING viscous ruby potion
 15230 | D:8      | 15230 ||| DROPPING potion of lignification.
 15284 | Lair:1   | Entered Level 1 of the Lair of Beasts
 15297 | Lair:1   | 15297 ||| READING scroll of enchant armour.
 15297 | Lair:1   | 15297 ||| ENCHANTING +1 pair of gloves.
 15459 | Lair:1   | Noticed a cane toad
 15460 | Lair:1   | 15460 ||| INVOKING Heroism.
 15463 | Lair:1   | Killed a cane toad
 15476 | Lair:1   | Noticed a polar bear
 15480 | Lair:1   | Killed a polar bear
 15480 | Lair:1   | Reached ** piety under Okawaru
 15491 | Lair:1   | 15491 ||| INVOKING Heroism.
 15507 | Lair:1   | Noticed a black mamba
 15512 | Lair:1   | Killed a black mamba
 15513 | Lair:1   | Reached skill level 11 in Ranged Weapons
 15542 | Lair:1   | Reached XP level 10. HP: 63/63 MP: 13/13
 15629 | Lair:1   | Noticed a torpor snail
 15630 | Lair:1   | 15630 ||| Stepping ~*~*~tactically~*~*~ (retreating).
 15631 | Lair:1   | 15631 ||| INVOKING Heroism.
 15645 | Lair:1   | 15645 ||| INVOKING Heroism.
 15653 | Lair:1   | Killed a torpor snail
 15659 | Lair:1   | 15659 ||| INVOKING Heroism.
 15662 | Lair:1   | Reached skill level 12 in Ranged Weapons
 15666 | Lair:1   | Reached *** piety under Okawaru
 15986 | Lair:1   | 15986 ||| READING scroll labelled OTTIT OCOKKEGG.
 15987 | Lair:1   | 15987 ||| READING scroll labelled JOUWNY CIRCHOIGG.
 15988 | Lair:1   | 15988 ||| READING scroll labelled ZEANICAUDD.
 16045 | Lair:2   | 16045 ||| INVOKING Heroism.
 16048 | Lair:2   | Noticed a cane toad
 16053 | Lair:2   | Killed a cane toad
 16073 | Lair:2   | Found a snail-covered altar of Cheibriados.
 16088 | Lair:2   | Noticed a black mamba
 16089 | Lair:2   | 16089 ||| INVOKING Heroism.
 16091 | Lair:2   | 16091 ||| RETREATING.
 16100 | Lair:2   | Killed a black mamba
 16101 | Lair:2   | Reached skill level 13 in Ranged Weapons
 16141 | Lair:2   | Reached XP level 11. HP: 69/69 MP: 14/14
 16143 | Lair:2   | 16143 ||| RETREATING.
 16154 | Lair:2   | 16154 ||| Stepping ~*~*~tactically~*~*~ (retreating).
 16155 | Lair:2   | 16155 ||| Stepping ~*~*~tactically~*~*~ (retreating).
 16156 | Lair:2   | 16156 ||| Stepping ~*~*~tactically~*~*~ (retreating).
 16157 | Lair:2   | 16157 ||| Stepping ~*~*~tactically~*~*~ (retreating).
 16158 | Lair:2   | 16158 ||| Stepping ~*~*~tactically~*~*~ (retreating).
 16159 | Lair:2   | 16159 ||| Stepping ~*~*~tactically~*~*~ (retreating).
 16160 | Lair:2   | 16160 ||| INVOKING Heroism.
 16163 | Lair:2   | Reached skill level 9 in Fighting
 16164 | Lair:2   | 16164 ||| Stepping ~*~*~tactically~*~*~ (retreating).
 16167 | Lair:2   | Reached **** piety under Okawaru
 16168 | Lair:2   | 16168 ||| Stepping ~*~*~tactically~*~*~ (retreating).
 16328 | Lair:2   | 16328 ||| RETREATING.
 16329 | Lair:2   | 16329 ||| Stepping ~*~*~tactically~*~*~ (retreating).
 16330 | Lair:2   | 16330 ||| Stepping ~*~*~tactically~*~*~ (retreating).
 16331 | Lair:2   | 16331 ||| Stepping ~*~*~tactically~*~*~ (retreating).
 16560 | Lair:2   | Found a hole to the Spider Nest.
 16586 | Lair:2   | 16586 ||| INVOKING Heroism.
 16593 | Lair:2   | Reached skill level 6 in Invocations
 16618 | Lair:2   | 16618 ||| INVOKING Heroism.
 16898 | Lair:2   | 16898 ||| READING scroll labelled YRURIH YVOETIKK.
 16899 | Lair:2   | 16899 ||| READING 3 scrolls of identify.
 16899 | Lair:2   | 16899 ||| IDENTIFYING fizzy emerald potion
 16936 | Lair:3   | Found a staircase to the Swamp.
 17008 | Lair:3   | 17008 ||| INVOKING Heroism.
 17060 | Lair:3   | Reached ***** piety under Okawaru
 17066 | Lair:3   | Reached skill level 14 in Ranged Weapons
 17084 | Lair:3   | 17084 ||| RETREATING.
 17092 | Lair:3   | 17092 ||| Stepping ~*~*~tactically~*~*~ (retreating).
 17093 | Lair:3   | 17093 ||| Stepping ~*~*~tactically~*~*~ (retreating).
 17094 | Lair:3   | 17094 ||| Stepping ~*~*~tactically~*~*~ (retreating).
 17095 | Lair:3   | 17095 ||| Stepping ~*~*~tactically~*~*~ (retreating).
 17096 | Lair:3   | 17096 ||| Stepping ~*~*~tactically~*~*~ (retreating).
 17104 | Lair:3   | 17104 ||| INVOKING Heroism.
 17251 | Lair:3   | 17251 ||| RETREATING.
 17262 | Lair:3   | 17262 ||| Stepping ~*~*~tactically~*~*~ (retreating).
 17263 | Lair:3   | 17263 ||| Stepping ~*~*~tactically~*~*~ (retreating).
 17264 | Lair:3   | 17264 ||| Stepping ~*~*~tactically~*~*~ (retreating).
 17265 | Lair:3   | 17265 ||| Stepping ~*~*~tactically~*~*~ (retreating).
 17266 | Lair:3   | 17266 ||| Stepping ~*~*~tactically~*~*~ (retreating).
 17267 | Lair:3   | 17267 ||| Stepping ~*~*~tactically~*~*~ (retreating).
 17271 | Lair:3   | Received a gift from Okawaru
 17272 | Lair:3   | 17272 ||| INVOKING Heroism.
 17282 | Lair:3   | Reached XP level 12. HP: 43/77 MP: 15/18
 17375 | Lair:3   | 17375 ||| INVOKING Heroism.
 17432 | Lair:3   | Identified the +1 leather armour of the Nexus {rN+ Str+4}
 17511 | Lair:3   | Reached skill level 9 in Invocations
 17516 | Lair:3   | 17516 ||| RETREATING.
 17520 | Lair:3   | 17520 ||| Stepping ~*~*~tactically~*~*~ (retreating).
 17524 | Lair:3   | 17524 ||| Stepping ~*~*~tactically~*~*~ (retreating).
 17528 | Lair:3   | 17528 ||| RETREATING.
 17534 | Lair:3   | 17534 ||| Stepping ~*~*~tactically~*~*~ (retreating).
 17558 | Lair:3   | 17558 ||| INVOKING Heroism.
 17593 | Lair:3   | Found a hazy altar of Hepliaklqana.
 17653 | Lair:3   | 17653 ||| INVOKING Heroism.
 17810 | Lair:3   | 17810 ||| DROPPING +1 leather armour of the Nexus {rN+
                  | Str+4}.
 17835 | Lair:4   | Noticed Sonja
 17836 | Lair:4   | 17836 ||| STAIRDANCE
 17838 | Lair:3   | 17838 ||| INVOKING Heroism.
 17853 | Lair:4   | 17853 ||| STAIRDANCE
 17866 | Lair:4   | 17866 ||| STAIRDANCE
 17879 | Lair:4   | 17879 ||| INVOKING Finesse.
 17883 | Lair:4   | Killed Sonja
 17979 | Lair:4   | Noticed a five-headed hydra
 17980 | Lair:4   | 17980 ||| INVOKING Heroism.
 17987 | Lair:4   | Killed a five-headed hydra
 17988 | Lair:4   | Reached skill level 15 in Ranged Weapons
 18036 | Lair:4   | 18036 ||| RETREATING.
 18134 | Lair:4   | Identified the +6 short sword "Recapnink" {holy, rC+ Will+
                  | Dex+3}
 18148 | Lair:4   | 18148 ||| INVOKING Heroism.
 18149 | Lair:4   | 18149 ||| INVOKING Finesse.
 18151 | Lair:4   | 18151 ||| RETREATING.
 18152 | Lair:4   | 18152 ||| Stepping ~*~*~tactically~*~*~ (retreating).
 18153 | Lair:4   | 18153 ||| Stepping ~*~*~tactically~*~*~ (retreating).
 18165 | Lair:4   | Reached skill level 6 in Dodging
 18174 | Lair:4   | 18174 ||| RETREATING.
 18175 | Lair:4   | 18175 ||| Stepping ~*~*~tactically~*~*~ (retreating).
 18176 | Lair:4   | 18176 ||| Stepping ~*~*~tactically~*~*~ (outnumbered).
 18298 | Lair:4   | Found a staircase to the Slime Pits.
 18298 | Lair:4   | Found a viscous altar of Jiyva.
 18378 | Lair:4   | 18378 ||| INVOKING Heroism.
 18379 | Lair:4   | 18379 ||| INVOKING Finesse.
 18382 | Lair:4   | Reached XP level 13. HP: 82/82 MP: 12/20
 18450 | Lair:4   | Reached skill level 16 in Ranged Weapons
 18455 | Lair:4   | 18455 ||| INVOKING Heroism.
 18456 | Lair:4   | 18456 ||| INVOKING Finesse.
 18458 | Lair:4   | 18458 ||| Stepping ~*~*~tactically~*~*~ (retreating).
 18478 | Lair:4   | Identified the +0 plate armour of Miuhystuhe {rF+ Dex+2
                  | Slay+2} (Okawaru gifted it to you on level 4 of the Lair of
                  | Beasts)
 18478 | Lair:4   | Received a gift from Okawaru
 18641 | Lair:4   | 18641 ||| INVOKING Heroism.
 18642 | Lair:4   | 18642 ||| INVOKING Finesse.
 18865 | Lair:5   | Entered Level 5 of the Lair of Beasts
 18901 | Lair:5   | Reached skill level 3 in Armour
 18908 | Lair:5   | 18908 ||| INVOKING Heroism.
 19065 | Lair:5   | 19065 ||| RETREATING.
 19233 | Lair:5   | 19233 ||| Stepping ~*~*~tactically~*~*~ (retreating).
 19234 | Lair:5   | 19234 ||| Stepping ~*~*~tactically~*~*~ (retreating).
 19238 | Lair:5   | Reached skill level 17 in Ranged Weapons
 19241 | Lair:5   | 19241 ||| RETREATING.
 19254 | Lair:5   | 19254 ||| Stepping ~*~*~tactically~*~*~ (retreating).
 19255 | Lair:5   | 19255 ||| Stepping ~*~*~tactically~*~*~ (retreating).
 19259 | Lair:5   | 19259 ||| Stepping ~*~*~tactically~*~*~ (retreating).
 19308 | Lair:5   | 19308 ||| Stepping ~*~*~tactically~*~*~ (outnumbered).
 19383 | Lair:5   | 19383 ||| INVOKING Heroism.
 19386 | Lair:5   | 19386 ||| RETREATING.
 19474 | Lair:5   | 19474 ||| RETREATING.
 19612 | Lair:5   | Identified the ring of Symuost {rElec rC+ MP+9 Stlth+}
 19744 | Lair:5   | Received a gift from Okawaru
 19747 | Lair:5   | 19747 ||| Stepping ~*~*~tactically~*~*~ (retreating).
 19748 | Lair:5   | 19748 ||| Stepping ~*~*~tactically~*~*~ (retreating).
 19750 | Lair:5   | 19750 ||| Stepping ~*~*~tactically~*~*~ (retreating).
 19766 | Lair:5   | 19766 ||| INVOKING Heroism.
 19783 | Lair:5   | 19783 ||| SWAPPING to +4 longbow of freezing.
 19784 | Lair:5   | 19784 ||| DROPPING +1 longbow of draining.
 19796 | Lair:5   | 19796 ||| READING scroll of acquirement.
 19796 | Lair:5   | 19796 ||| ACQUIRING 442 gold pieces
 19796 | Lair:5   | Acquired 442 gold pieces
 19908 | Lair:5   | 19908 ||| INVOKING Heroism.
 19933 | Lair:5   | 19933 ||| Stepping ~*~*~tactically~*~*~ (outnumbered).
 19944 | Lair:5   | Gained mutation: Your large and strong wings let you fly.
                  | [Gargoyle growth]
 19944 | Lair:5   | Reached XP level 14. HP: 90/90 MP: 21/21
 19969 | Lair:5   | 19969 ||| Stepping ~*~*~tactically~*~*~ (outnumbered).
 19972 | Lair:5   | 19972 ||| INVOKING Heroism.
 19973 | Lair:5   | 19973 ||| INVOKING Finesse.
 19986 | Lair:5   | Reached skill level 18 in Ranged Weapons
 20069 | Lair:5   | 20069 ||| PLANNING D:1-11
 20069 | Lair:5   | 20069 ||| DROPPING amulet of magic regeneration.
 20070 | Lair:5   | 20070 ||| UPGRADING to ring of see invisible.
 20071 | Lair:5   | 20071 ||| DRINKING 2 lumpy silvery potions.
 20072 | Lair:5   | 20072 ||| READING 6 scrolls of identify.
 20072 | Lair:5   | 20072 ||| IDENTIFYING sedimented sapphire potion
 20073 | Lair:5   | 20073 ||| DROPPING potion of degeneration.
 20322 | D:9      | Noticed Erica
 20323 | D:9      | 20323 ||| INVOKING Heroism.
 20324 | D:9      | 20324 ||| INVOKING Finesse.
 20335 | D:9      | Killed Erica
 20373 | D:9      | Found a flagged portal.
 20382 | D:9      | Noticed Maurice
 20386 | D:9      | Killed Maurice
 20481 | D:9      | Found a blossoming altar of Fedhas.
 20645 | D:9      | Reached skill level 12 in Fighting
 20766 | D:9      | Noticed Joseph
 20768 | D:9      | 20768 ||| RETREATING.
 20770 | D:9      | 20770 ||| RETREATING.
 20784 | D:9      | Killed Joseph
 21081 | D:9      | 21081 ||| UPGRADING to amulet of faith.
 21091 | D:9      | 21091 ||| DRINKING 3 puce potions.
 21092 | D:9      | 21092 ||| DRINKING 6 potions of curing.
 21092 | D:9      | 21092 ||| (to cure confusion)
 21093 | D:9      | 21093 ||| DROPPING 2 potions of ambrosia.
 21102 | D:10     | Entered Level 10 of the Dungeon
 21164 | D:10     | 21164 ||| RETREATING.
 21181 | D:10     | Received a gift from Okawaru
 21185 | D:10     | 21185 ||| Stepping ~*~*~tactically~*~*~ (retreating).
 21334 | D:10     | 21334 ||| Stepping ~*~*~tactically~*~*~ (outnumbered).
 21458 | D:10     | Found a sparkling altar of Nemelex Xobeh.
 21498 | D:10     | 21498 ||| Stepping ~*~*~tactically~*~*~ (outnumbered).
 21834 | D:10     | 21834 ||| READING 6 scrolls of identify.
 21834 | D:10     | 21834 ||| IDENTIFYING fizzy black potion
 21938 | D:11     | Identified the +10 short sword "Hycoag" {freeze, Contam
                  | rPois rCorr Int+4}
 21980 | D:11     | 21980 ||| Stepping ~*~*~tactically~*~*~ (outnumbered).
 21981 | D:11     | 21981 ||| Stepping ~*~*~tactically~*~*~ (outnumbered).
 21982 | D:11     | 21982 ||| Stepping ~*~*~tactically~*~*~ (outnumbered).
 21983 | D:11     | 21983 ||| Stepping ~*~*~tactically~*~*~ (outnumbered).
 21984 | D:11     | 21984 ||| Stepping ~*~*~tactically~*~*~ (outnumbered).
 21985 | D:11     | 21985 ||| Stepping ~*~*~tactically~*~*~ (outnumbered).
 21991 | D:11     | 21991 ||| Stepping ~*~*~tactically~*~*~ (outnumbered).
 21992 | D:11     | 21992 ||| Stepping ~*~*~tactically~*~*~ (outnumbered).
 21999 | D:11     | 21999 ||| INVOKING Heroism.
 22000 | D:11     | 22000 ||| INVOKING Finesse.
 22104 | D:11     | 22104 ||| Stepping ~*~*~tactically~*~*~ (outnumbered).
 22106 | D:11     | 22106 ||| Stepping ~*~*~tactically~*~*~ (outnumbered).
 22108 | D:11     | 22108 ||| Stepping ~*~*~tactically~*~*~ (outnumbered).
 22111 | D:11     | 22111 ||| Stepping ~*~*~tactically~*~*~ (outnumbered).
 22156 | D:11     | 22156 ||| DRINKING 6 potions of curing.
 22156 | D:11     | 22156 ||| (to cure confusion)
 22704 | D:11     | 22704 ||| PLANNING D
 22858 | D:12     | Identified the orb of Grace {*Rage, rF- Regen+ Str+8 Int+3}
                  | (Okawaru gifted it to you on level 12 of the Dungeon)
 22858 | D:12     | Received a gift from Okawaru
 23087 | D:12     | Found a staircase to the Orcish Mines.
 23446 | D:13     | Noticed Rupert
 23447 | D:13     | 23447 ||| INVOKING Heroism.
 23448 | D:13     | 23448 ||| INVOKING Finesse.
 23449 | D:13     | 23449 ||| STAIRDANCE
 23489 | D:13     | Paralysed by Rupert for 2 turns
 23491 | D:13     | 23491 ||| INVOKING Finesse.
 23506 | D:13     | Killed Rupert
 23507 | D:13     | Reached skill level 19 in Ranged Weapons
 23510 | D:13     | Noticed Nessos
 23516 | D:13     | Killed Nessos
 23552 | D:13     | 23552 ||| Stepping ~*~*~tactically~*~*~ (outnumbered).
 23555 | D:13     | 23555 ||| Stepping ~*~*~tactically~*~*~ (outnumbered).
 23678 | D:13     | 23678 ||| INVOKING Heroism.
 24061 | D:13     | 24061 ||| RETREATING.
 24063 | D:13     | 24063 ||| Stepping ~*~*~tactically~*~*~ (retreating).
 24262 | D:14     | 24262 ||| STAIRDANCE
 24281 | D:14     | 24281 ||| STAIRDANCE
 24289 | D:14     | 24289 ||| STAIRDANCE
 24306 | D:14     | 24306 ||| STAIRDANCE
 24314 | D:13     | Reached XP level 15. HP: 98/98 MP: 22/22
 24336 | D:14     | Found a portal to a secret trove of treasure.
 24372 | D:14     | Found a snail-covered altar of Cheibriados.
 24390 | D:14     | Identified the orb of Polish {*Rage, +Blink rF- Int+4
                  | Slay+3} (Okawaru gifted it to you on level 14 of the
                  | Dungeon)
 24390 | D:14     | Received a gift from Okawaru
 24415 | D:14     | Found a hide-covered altar of Uskayaw.
 24512 | D:14     | Found a transporter.
 24512 | D:14     | Found a transporter.
 24802 | D:14     | 24802 ||| RETREATING.
 24803 | D:14     | 24803 ||| Stepping ~*~*~tactically~*~*~ (retreating).
 24862 | D:14     | Reached skill level 20 in Ranged Weapons
 24889 | D:14     | Found a gate to the Vaults.
 24920 | D:14     | 24920 ||| UPGRADING to +0 pair of boots.
 24939 | D:15     | Entered Level 15 of the Dungeon
 24940 | D:15     | 24940 ||| PLANNING GAUNTLET
 25107 | D:15     | 25107 ||| INVOKING Heroism.
 25111 | D:15     | 25111 ||| Stepping ~*~*~tactically~*~*~ (outnumbered).
 25145 | D:15     | Found a staircase to the Depths.
 25268 | D:15     | 25268 ||| INVOKING Heroism.
 25301 | D:15     | 25301 ||| Stepping ~*~*~tactically~*~*~ (outnumbered).
 25302 | D:15     | 25302 ||| Stepping ~*~*~tactically~*~*~ (outnumbered).
 25568 | D:15     | 25568 ||| RIP GAUNTLET
 25679 | D:15     | 25679 ||| PLANNING ORC
 25750 | Orc:1    | Entered Level 1 of the Orcish Mines
 25881 | Orc:1    | 25881 ||| Stepping ~*~*~tactically~*~*~ (outnumbered).
 25967 | Orc:1    | Found a frozen archway.
 25975 | Orc:1    | 25975 ||| INVOKING Heroism.
 26062 | Orc:1    | 26062 ||| INVOKING Heroism.
 26255 | Orc:1    | Found a runed translucent door.
 26263 | Orc:1    | 26263 ||| Stepping ~*~*~tactically~*~*~ (outnumbered).
 26265 | Orc:1    | Found a shimmering altar of Xom.
 26265 | Orc:1    | Noticed prawnwizard's ghost (journeyman MfMo)
 26488 | Orc:2    | Entered Level 2 of the Orcish Mines
 26492 | Orc:2    | 26492 ||| INVOKING Heroism.
 26494 | Orc:2    | 26494 ||| Stepping ~*~*~tactically~*~*~ (outnumbered).
 26594 | Orc:2    | Found a staircase to the Elven Halls.
 26626 | Orc:2    | 26626 ||| Stepping ~*~*~tactically~*~*~ (outnumbered).
 26628 | Orc:2    | 26628 ||| Stepping ~*~*~tactically~*~*~ (outnumbered).
 26634 | Orc:2    | 26634 ||| Stepping ~*~*~tactically~*~*~ (outnumbered).
 26635 | Orc:2    | 26635 ||| INVOKING Heroism.
 26683 | Orc:2    | Found Oqiagise's General Store.
 26684 | Orc:2    | 26684 ||| Stepping ~*~*~tactically~*~*~ (outnumbered).
 26686 | Orc:2    | 26686 ||| Stepping ~*~*~tactically~*~*~ (outnumbered).
 26722 | Orc:2    | Found Sas Ofu's Assorted Antiques.
 26723 | Orc:2    | 26723 ||| INVOKING Heroism.
 26724 | Orc:2    | 26724 ||| Stepping ~*~*~tactically~*~*~ (retreating).
 26726 | Orc:2    | 26726 ||| Stepping ~*~*~tactically~*~*~ (outnumbered).
 26727 | Orc:2    | 26727 ||| Stepping ~*~*~tactically~*~*~ (outnumbered).
 26742 | Orc:2    | 26742 ||| Stepping ~*~*~tactically~*~*~ (outnumbered).
 26764 | Orc:2    | Paralysed by an orc sorcerer for 3 turns
 26768 | Orc:2    | 26768 ||| INVOKING Heroism.
 26784 | Orc:2    | 26784 ||| BUYING 2 potions of mutation (320 gold).
 26784 | Orc:2    | Bought 2 potions of mutation for 320 gold pieces
 26784 | Orc:2    | 26784 ||| BUYING runed leather armour (100 gold).
 26784 | Orc:2    | Bought a runed leather armour for 100 gold pieces
 26784 | Orc:2    | 26784 ||| BUYING sapphire potion (18 gold).
 26784 | Orc:2    | Bought a sapphire potion for 18 gold pieces
 26784 | Orc:2    | 26784 ||| BUYING scroll of teleportation (60 gold).
 26784 | Orc:2    | Bought a scroll of teleportation for 60 gold pieces
 26784 | Orc:2    | 26784 ||| BUYING scroll of teleportation (60 gold).
 26784 | Orc:2    | Bought a scroll of teleportation for 60 gold pieces
 26969 | Orc:2    | 26969 ||| Stepping ~*~*~tactically~*~*~ (outnumbered).
 27087 | Orc:2    | 27087 ||| Stepping ~*~*~tactically~*~*~ (outnumbered).
 27096 | Orc:2    | 27096 ||| Stepping ~*~*~tactically~*~*~ (outnumbered).
 27098 | Orc:2    | 27098 ||| Stepping ~*~*~tactically~*~*~ (outnumbered).
 27100 | Orc:2    | 27100 ||| INVOKING Heroism.
 27101 | Orc:2    | 27101 ||| Stepping ~*~*~tactically~*~*~ (retreating).
 27102 | Orc:2    | 27102 ||| Stepping ~*~*~tactically~*~*~ (retreating).
 27103 | Orc:2    | 27103 ||| Stepping ~*~*~tactically~*~*~ (retreating).
 27118 | Orc:2    | Reached skill level 9 in Dodging
 27124 | Orc:2    | 27124 ||| Stepping ~*~*~tactically~*~*~ (outnumbered).
 27164 | Orc:2    | Found Lototh's Weapon Boutique.
 27164 | Orc:2    | Found Idecus's Armour Emporium.
 27355 | Orc:2    | 27355 ||| PLANNING SPIDER:1-3
 27355 | Orc:2    | 27355 ||| DROPPING +3 leather armour.
 27356 | Orc:2    | 27356 ||| READING 7 scrolls of identify.
 27356 | Orc:2    | 27356 ||| IDENTIFYING sapphire potion
 27530 | Spider:1 | Entered Level 1 of the Spider Nest
 27531 | Spider:1 | 27531 ||| STAIRDANCE
 27533 | Lair:2   | 27533 ||| INVOKING Finesse.
 27567 | Spider:1 | 27567 ||| STAIRDANCE
 27620 | Spider:1 | Received a gift from Okawaru
 27723 | Spider:1 | 27723 ||| INVOKING Heroism.
 27814 | Spider:1 | 27814 ||| INVOKING Finesse.
 27867 | Spider:1 | 27867 ||| RETREATING.
 27882 | Spider:1 | 27882 ||| Stepping ~*~*~tactically~*~*~ (outnumbered).
 27903 | Spider:1 | Reached skill level 15 in Fighting
 27904 | Spider:1 | 27904 ||| INVOKING Finesse.
 27929 | Spider:1 | 27929 ||| INVOKING Heroism.
 27933 | Spider:1 | Reached XP level 16. HP: 108/108 MP: 17/23
 27999 | Spider:1 | 27999 ||| RETREATING.
 28000 | Spider:1 | 28000 ||| Stepping ~*~*~tactically~*~*~ (retreating).
 28001 | Spider:1 | 28001 ||| Stepping ~*~*~tactically~*~*~ (retreating).
 28002 | Spider:1 | 28002 ||| INVOKING Heroism.
 28010 | Spider:1 | 28010 ||| DRINKING 5 potions of curing.
 28010 | Spider:1 | 28010 ||| (to cure confusion)
 28011 | Spider:1 | 28011 ||| Stepping ~*~*~tactically~*~*~ (retreating).
 28013 | Spider:1 | 28013 ||| DRINKING 4 potions of curing.
 28013 | Spider:1 | 28013 ||| (to cure confusion)
 28024 | Spider:1 | 28024 ||| INVOKING Finesse.
 28233 | Spider:1 | 28233 ||| INVOKING Heroism.
 28401 | Spider:1 | 28401 ||| RETREATING.
 28404 | Spider:1 | 28404 ||| Stepping ~*~*~tactically~*~*~ (retreating).
 28405 | Spider:1 | 28405 ||| Stepping ~*~*~tactically~*~*~ (retreating).
 28406 | Spider:1 | 28406 ||| Stepping ~*~*~tactically~*~*~ (retreating).
 28407 | Spider:1 | 28407 ||| Stepping ~*~*~tactically~*~*~ (retreating).
 28408 | Spider:1 | 28408 ||| Stepping ~*~*~tactically~*~*~ (retreating).
 28409 | Spider:1 | 28409 ||| Stepping ~*~*~tactically~*~*~ (retreating).
 28412 | Spider:1 | 28412 ||| Stepping ~*~*~tactically~*~*~ (retreating).
 28417 | Spider:1 | 28417 ||| INVOKING Heroism.
 28426 | Spider:1 | Reached skill level 6 in Armour
 28491 | Spider:1 | 28491 ||| INVOKING Finesse.
 28506 | Spider:1 | Received a gift from Okawaru
 28658 | Spider:1 | 28658 ||| INVOKING Heroism.
 28690 | Spider:1 | 28690 ||| DROPPING +6 ring of intelligence.
 28720 | Spider:2 | 28720 ||| INVOKING Finesse.
 28726 | Spider:2 | 28726 ||| Stepping ~*~*~tactically~*~*~ (outnumbered).
 28758 | Spider:2 | 28758 ||| INVOKING Heroism.
 28862 | Spider:2 | 28862 ||| INVOKING Heroism.
 28900 | Spider:2 | 28900 ||| INVOKING Heroism.
 28959 | Spider:2 | 28959 ||| INVOKING Heroism.
 28960 | Spider:2 | 28960 ||| RETREATING.
 29017 | Spider:2 | 29017 ||| INVOKING Heroism.
 29018 | Spider:2 | 29018 ||| RETREATING.
 29033 | Spider:2 | Received a gift from Okawaru
 29103 | Spider:2 | 29103 ||| Stepping ~*~*~tactically~*~*~ (outnumbered).
 29104 | Spider:2 | 29104 ||| INVOKING Heroism.
 29747 | Spider:3 | 29747 ||| Stepping ~*~*~tactically~*~*~ (outnumbered).
 29748 | Spider:3 | 29748 ||| INVOKING Heroism.
 29801 | Spider:3 | 29801 ||| RETREATING.
 29882 | Spider:3 | 29882 ||| Stepping ~*~*~tactically~*~*~ (retreating).
 29883 | Spider:3 | 29883 ||| Stepping ~*~*~tactically~*~*~ (retreating).
 29884 | Spider:3 | 29884 ||| Stepping ~*~*~tactically~*~*~ (retreating).
 29960 | Spider:3 | 29960 ||| INVOKING Heroism.
 29981 | Spider:3 | Received a gift from Okawaru
 30039 | Spider:3 | 30039 ||| SWAPPING to +6 longbow of draining.
 30193 | Spider:3 | 30193 ||| INVOKING Finesse.
 30988 | Spider:3 | 30988 ||| PLANNING SWAMP:1-3
 31091 | Swamp:1  | Entered Level 1 of the Swamp
 31172 | Swamp:1  | 31172 ||| INVOKING Heroism.
 31183 | Swamp:1  | Reached skill level 18 in Fighting
 31233 | Swamp:1  | Found an ornate altar of the Wu Jian Council.
 31289 | Swamp:1  | 31289 ||| INVOKING Heroism.
 31293 | Swamp:1  | Reached XP level 17. HP: 119/119 MP: 21/24
 31446 | Swamp:1  | Found a sacrificial altar of Ru.
 31453 | Swamp:1  | 31453 ||| INVOKING Heroism.
 31671 | Swamp:1  | Identified the +6 scale mail of the Shoals {rF+}
 31855 | Swamp:1  | 31855 ||| DROPPING +2 ring mail of poison resistance.
 32015 | Swamp:2  | 32015 ||| INVOKING Heroism.
 32016 | Swamp:2  | 32016 ||| INVOKING Finesse.
 32026 | Swamp:2  | HP: 19/119 [thorn hunter/volley of thorns (12)]
 32027 | Swamp:2  | 32027 ||| READING 9 scrolls of teleportation.
 32028 | Swamp:2  | 32028 ||| DRINKING 2 potions of heal wounds.
 32031 | Swamp:2  | 32031 ||| DRINKING potion of heal wounds.
 32038 | Swamp:2  | HP: 24/119 [will-o-the-wisp/foxfire (7)]
 32039 | Swamp:2  | 32039 ||| READING 8 scrolls of teleportation.
 32042 | Swamp:2  | Slain by a goliath frog

Levels and vault maps discovered:
D:1:      dpeg_arrival_tiny_k, layout_basic, chequers_serial_rivers_small_3
D:2:      layout_basic, shapermc_ecumenical_altar_mp_ritualfount
D:3:      layout_basic, feat_on_display
D:4:      layout_loops_ring, ebering_ghost_reflecting_pool, minmay_vboxes
D:5:      layout_cave_pools, marbit_many_paths, minmay_temple_entry_sparse_star
D:6:      layout_gridville, makhleb_heckhound_becter,
          chequers_temple_overflow_statue_of_worship, kennysheep_windowed_goal
D:7:      layout_cave_pods, nicolae_ru_sacrificial_ziggurat,
          amcnicky_altar_gilded, gammafunk_ghost_grave
D:8:      layout_basic, lair_entry_dummy, uniq_jeremiah
D:9:      layout_basic, fedhas_altar_3, enter_bailey_4, uniq_erica,
          uniq_maurice, uniq_joseph
D:10:     layout_stronghold, kennysheep_mini
D:11:     layout_stronghold, nzn_life_drinkers
D:12:     layout_roguey, zombieorc2_lemuel, nicolae_twisting_strands
D:13:     layout_basic, uniq_nessos, uniq_rupert
D:14:     gammafunk_boulding_lane, layout_small_grid, ximxim_vaults_locker_room,
          nicolae_uskayaw_murder_on_the_dancefloor, enter_trove_3,
          chequers_serial_rivers_micro_c, slow_altar_1
D:15:     grunt_enter_depths_hoard, layout_irregular_city,
          gauntlet_entry_generic, minmay_crystal_water
Temple:   nicolae_temple_bog_church
Lair:1:   layout_roguey, infiniplex_staircase_pool
Lair:2:   layout_gridlike, spider_nest_entry_rubble, basic_altar,
          infiniplex_staircase_pool_2
Lair:3:   layout_hall_layers, swamp_mist, basic_altar
Lair:4:   layout_roguey, minmay_slime_entry_pillars, kilobyte_rumbling_trees,
          serial_bayou_shore_b, uniq_sonja
Lair:5:   guppyfry_lair_end_dragon, layout_gridlike,
          hangedman_lair_tendril_chambers, lemuel_fruit_tree
Swamp:1:  layout_falls_marsh, evilmike_swamp_ruin_house_4, swamp_pool1,
          lemuel_altar_in_water, nicolae_swamp_godswood,
          nicolae_swamp_tree_designs
Swamp:2:  nzn_winding_woodlands_small [nzn_winding_woodlands_5x15_lazy_stream,
          nzn_winding_woodlands_center_pierced_h,
          nzn_winding_woodlands_5x15_river_crossing], layout_basic_swamp,
          hangedman_swamp_diagram, swamp_pool1
Spider:1: layout_spider_delve
Spider:2: layout_spider_delve, nicolae_spider_world_wide_web
Spider:3: layout_chambers, hangedman_spider_tarantella_strand
Orc:1:    layout_caves, basic_altar, ebering_ghost_xom,
          portal_ice_cave_entry_animals_and_master
Orc:2:    st_orc_town, layout_diamond_mine, nicolae_orc_pool_cavern

Skill      XL: |  1  2  3  4  5  6  7  8  9 10 11 12 13 14 15 16 17 |
---------------+----------------------------------------------------+-----
Armour         | 1 2 3 5 6 7 |  7.1
Ranged Weapons | 5 6 7 8 9 11 13 14 15 17 19 20 | 20.0
Fighting       | 3 4 5 6 7 8 10 11 13 15 18 | 18.0
Dodging        | 2 3 4 5 6 7 9 10 | 10.9
Invocations    | 1 3 4 8 10 | 10.0
Stealth        | |  1.1

Action                     |  1- 3 |  4- 6 |  7- 9 | 10-12 | 13-15 | 16-18 || total
---------------------------+-------+-------+-------+-------+-------+-------++-------
   Fire: Shortbow          |    97 |    36 |       |       |       |       ||   133
         Longbow           |       |   138 |   167 |   394 |  1476 |   666 ||  2841
 Invoke: Heroism           |       |       |     3 |    18 |    22 |    16 ||    59
         Finesse           |       |       |       |     3 |    10 |     5 ||    18
    Use: Scroll            |     3 |    11 |     7 |     5 |     4 |     2 ||    32
         Potion            |     1 |     2 |       |       |     4 |     4 ||    11
 Armour: Leather armour    |     3 |       |       |       |       |       ||     3
         Ring mail         |     5 |    79 |       |       |       |       ||    84
         Robe              |       |       |    20 |    88 |   242 |   174 ||   524
  Dodge: Dodged            |    18 |   130 |    28 |   194 |   627 |   308 ||  1305
         Repelled          |       |       |       |       |     6 |     6 ||    12
  Block: Other             |       |       |    12 |    38 |    27 |       ||    77
         Reflection        |       |       |     2 |       |       |       ||     2

Table legend:
 A = Non-vault XP
 B = Vault XP
 C = Vault XP percentage of total XP
 D = Non-vault monster count
 E = Vault monster count
 F = Vault count percentage of total count
                 A         B        C        D         E       F
            +---------+---------+-------+---------+---------+-------
      Total |  152560 |   40797 |  21.1 |     674 |     198 |  22.7
            +---------+---------+-------+---------+---------+-------
        D:1 |      19 |       0 |   0.0 |      12 |       0 |   0.0
        D:2 |      74 |       0 |   0.0 |      19 |       0 |   0.0
        D:3 |     103 |       0 |   0.0 |      18 |       0 |   0.0
        D:4 |     319 |      31 |   8.9 |      22 |       4 |  15.4
        D:5 |     297 |      45 |  13.2 |       8 |       1 |  11.1
        D:6 |     273 |      53 |  16.3 |       9 |       2 |  18.2
        D:7 |    1218 |       0 |   0.0 |      25 |       0 |   0.0
        D:8 |     436 |     382 |  46.7 |      12 |       1 |   7.7
        D:9 |    3321 |    1767 |  34.7 |      31 |       8 |  20.5
       D:10 |    3283 |       0 |   0.0 |      43 |       0 |   0.0
       D:11 |    2994 |     232 |   7.2 |      24 |       1 |   4.0
       D:12 |    2868 |     774 |  21.3 |      22 |      36 |  62.1
       D:13 |   11570 |    2989 |  20.5 |      27 |       2 |   6.9
       D:14 |    4754 |    5335 |  52.9 |       7 |      11 |  61.1
       D:15 |    7456 |    1691 |  18.5 |      19 |       2 |   9.5
     Lair:1 |    3767 |       0 |   0.0 |      15 |       0 |   0.0
     Lair:2 |    7766 |     181 |   2.3 |      35 |       1 |   2.8
     Lair:3 |   10544 |       0 |   0.0 |      34 |       0 |   0.0
     Lair:4 |    8583 |    2166 |  20.2 |      31 |      12 |  27.9
     Lair:5 |    9957 |   12158 |  55.0 |      38 |      47 |  55.3
    Swamp:1 |   13713 |       0 |   0.0 |      28 |       0 |   0.0
    Swamp:2 |    3115 |       0 |   0.0 |       6 |       0 |   0.0
   Spider:1 |   23602 |       0 |   0.0 |      66 |       0 |   0.0
   Spider:2 |   10411 |    5372 |  34.0 |      30 |      10 |  25.0
   Spider:3 |   16641 |     277 |   1.6 |      40 |       1 |   2.4
      Orc:1 |    1222 |    2445 |  66.7 |      24 |       8 |  25.0
      Orc:2 |    4254 |    4899 |  53.5 |      29 |      51 |  63.8
            +---------+---------+-------+---------+---------+-------
